 Dungeon Crawl Stone Soup version 0.28.0-53-g5a82cb258f (webtiles) character file.

Game seed: 2295298025640412183

137 safid the Chopper (level 5, -1/46 HPs)
             Began as a Hill Orc Fighter on July 21, 2022.
             Killed by nerve-wracking pain
             ... invoked by a shadow imp
             ... summoned by Natasha
              (7 damage)
             ... on level 3 of the Dungeon.
             The game lasted 00:03:57 (2383 turns).

safid the Chopper (Hill Orc Fighter)                Turns: 2383, Time: 00:03:57

Health: -1/46      AC:  7    Str: 21    XL:     5   Next: 20%
Magic:  5/5        EV:  9    Int:  8    God:
Gold:   176        SH:  4    Dex: 10    Spells: 4/4 levels left

rFire   . . .      SeeInvis .   a - +0 war axe
rCold   . . .      Faith    .   c - +0 buckler
rNeg    . . .      Spirit   .   b - +0 scale mail
rPois   .          Reflect  .   (no helmet)
rElec   .          Harm     .   (no cloak)
rCorr   .          Rampage  .   (no gloves)
Will    .....                   (no boots)
Stlth   ..........              (no amulet)
HPRegen 0.15/turn               (no ring)
MPRegen 0.09/turn               (no ring)

@: slowed, very slow
A: no striking features
a: no special abilities


You were on level 3 of the Dungeon.
You visited 1 branch of the dungeon, and saw 3 of its levels.

You collected 176 gold pieces.

Inventory:

Hand Weapons
 a - a +0 war axe (weapon)
Missiles
 f - 4 poisoned darts (quivered)
Armour
 b - a +0 scale mail (worn)
 c - a +0 buckler (worn)
Scrolls
 e - a scroll of holy word {unknown}
 i - 3 scrolls of enchant weapon {unknown}
 j - a scroll of summoning {unknown}
 k - 3 scrolls of identify {unknown}
 n - a scroll of vulnerability {unknown}
 o - a scroll of torment {unknown}
 q - a scroll of teleportation {unknown}
 r - a scroll of noise {unknown}
 s - a scroll of enchant armour {unknown}
Potions
 d - a potion of might
 g - a potion of heal wounds {unknown}
 h - a potion of haste
 l - a potion of mutation {unknown}
 m - a potion of lignification {unknown}
 p - a potion of cancellation {unknown}


   Skills:
 - Level 4.0 Fighting
 + Level 5.5 Axes
 - Level 4.0 Armour
 - Level 4.0 Shields


You had 4 spell levels left.
You didn't know any spells.
Your spell library contained the following spells:

 Spells                   Type           Power      Damage    Failure   Level
 Gell's Gravitas          Tloc           0%         N/A       99%         3
 Teleport Other           Tloc           0%         N/A       99%         3
 Dispersal                Tloc           0%         N/A       100%        6


Dungeon Overview and Level Annotations

Branches:
Dungeon (3/15)

Altars:

Annotations:
D:3 Natasha


Message History

The crimson imp hits you but does no damage.
Something claws you.
Unknown command.
You barely miss the crimson imp. You miss something.
The crimson imp hits you but does no damage.
You hear some strange, mumbled words.
A magic dart appears from out of thin air!
The magic dart hits you but does no damage.
Unknown command.
You slash the crimson imp!
The crimson imp is heavily wounded.
You miss something. You block the crimson imp's attack.
You hear some strange, mumbled words.
You feel yourself slow down. You block the crimson imp's attack.
You barely miss the crimson imp.
The crimson imp is heavily wounded.
You miss something. Something claws you.
The crimson imp blinks!
You hear some strange, mumbled words.
Something claws you. You block the crimson imp's attack. Something claws you.
You miss something. You hit the crimson imp.
Natasha appears from thin air!
Reactivating autopickup.
The crimson imp disappears in a puff of smoke!
Natasha casts a spell.
The crimson imp blinks!
Natasha stares at you and mumbles some strange words.
You feel as though you will be slow longer.
You barely miss Natasha.
Natasha is almost dead.
You block Natasha's attack. x2
You closely miss Natasha.
Natasha is almost dead.
You hit the shadow imp. You closely miss the crimson imp.
The crimson imp blinks!
You block Natasha's attack. The shadow imp gestures at you.
Pain shoots through your body!
* * * LOW HITPOINT WARNING * * *
Natasha barely misses you. The shadow imp gestures at you.
Pain shoots through your body!
You die...

#.# #.# #...# # ##.#
#..... # ##..# #......
###########...####.......
..........†......+.......
##.########....###.......
##.########...(##h.......
......#.........@5#
......#.#......#§(#
......#...........#
.........#....#..##
.................#
......#...#..#....
......##...........
.#######...##...>... .#


You could see Natasha and a shadow imp (summoned).

Vanquished Creatures
  An iguana (D:3)
  3 adders (D:2)
  A gnoll (D:1)
  2 worms (D:2)
  2 dart slugs (D:1)
  7 ball pythons
  6 bats
  5 endoplasms
  9 goblins
  5 hobgoblins
  4 quokkas
  7 frilled lizards
  4 kobolds
  11 rats
67 creatures vanquished.

Notes
Turn   | Place    | Note
-------+----------+-------------------------------------------
     0 | D:1      | safid the Hill Orc Fighter began the quest for the Orb.
     0 | D:1      | Reached XP level 1. HP: 19/19 MP: 1/1
    72 | D:1      | Reached skill level 3 in Axes
    72 | D:1      | Reached XP level 2. HP: 21/27 MP: 2/2
   395 | D:1      | Reached XP level 3. HP: 29/33 MP: 3/3
  1020 | D:2      | Found a faded altar of an unknown god.
  1093 | D:2      | Reached XP level 4. HP: 38/40 MP: 4/4
  1162 | D:2      | Reached skill level 4 in Axes
  2071 | D:3      | Reached skill level 5 in Axes
  2071 | D:3      | Reached XP level 5. HP: 46/46 MP: 5/5
  2361 | D:3      | Noticed Natasha
  2383 | D:3      | Killed from afar by a shadow imp

Illustrated notes

Levels and vault maps discovered:
D:1:      evilmike_arrival_plus, layout_basic, minmay_rat_gold_closets
D:2:      kb_forest_paths, layout_loops_ring,
          shapermc_ecumenical_altar_notcrosses, st_stairs_5
D:3:      layout_loops_corners, mainiacjoe_overflow_catch_the_wave,
          minmay_misc_feat_more_columns, uniq_natasha

Skill      XL: |  1  2  3  4 |
---------------+-------------+-----
Axes           | 3 5 |  5.5
Fighting       | 4 |  4.0
Armour         | 4 |  4.0
Shields        | 4 |  4.0

Action                   |  1- 3 |  4- 6 || total
-------------------------+-------+-------++-------
Melee: War axe           |    96 |    96 ||   192
Armor: Scale mail        |    53 |    51 ||   104
Dodge: Dodged            |    43 |    35 ||    78
Block: Buckler           |    12 |    40 ||    52
